 Dungeon Crawl Stone Soup version 0.29.0-4-gdea44cf6ec (webtiles) character file.

Game seed: 16405176381762823118

5 qw the Chopper (level 1, -2/12 HPs)
             Began as a Tengu Warper on Aug 28, 2022.
             Succumbed to their own poison gas
             ... on level 2 of the Dungeon.
             The game lasted 00:00:01 (161 turns).

qw the Chopper (Tengu Warper)                        Turns: 161, Time: 00:00:02

Health: -2/12      AC:  3    Str: 11    XL:     1   Next: 80%
Magic:  4/4        EV: 11    Int: 13    God:
Gold:   16         SH:  0    Dex: 13    Spells: 4/4 levels left

rFire   . . .      SeeInvis .   Y - +0 hand axe
rCold   . . .      Faith    .   (no shield)
rNeg    . . .      Spirit   .   b - +0 leather armour
rPois   .          Reflect  .   (helmet restricted)
rElec   .          Harm     .   (no cloak)
rCorr   .          Rampage  .   (no gloves)
Will    .....                   (boots unavailable)
Stlth   +.........              (no amulet)
HPRegen 0.04/turn               (no ring)
MPRegen 0.09/turn               (no ring)

@: lethally poisoned (-2 -> -18)
A: beak, talons 3
a: no special abilities


You were on level 2 of the Dungeon.
You visited 1 branch of the dungeon, and saw 2 of its levels.

You collected 16 gold pieces.


Innate Abilities, Weirdness & Mutations

You have a beak for a mouth.
You have claws for feet.


   Skills:
 - Level 2.0 Fighting
 + Level 2.8 Axes
 - Level 1.0 Throwing
 - Level 1.1 Armour
 - Level 2.1 Dodging
 - Level 2.0 Spellcasting
 - Level 2.4 Translocations


You had 4 spell levels left.
You didn't know any spells.
Your spell library contained the following spells:

 Spells                   Type           Power      Damage    Failure   Level
 Blink                    Tloc           14%        N/A       19%         2
 Gell's Gravitas          Tloc           7%         N/A       36%         3
 Lesser Beckoning         Tloc           7%         N/A       36%         3
 Teleport Other           Tloc           7%         N/A       36%         3
 Manifold Assault         Tloc           7%         N/A       98%         5

Inventory:

Hand Weapons
 Y - a +0 hand axe (weapon)
Armour
 b - a +0 leather armour (worn)

Dungeon Overview and Level Annotations

Branches:
Dungeon (2/15)

Altars:


Message History

You barely miss the bat.
The bat is moderately wounded.
The bat closely misses you.
You barely miss the bat. Your kick misses the bat. Your peck misses the bat.
The bat is moderately wounded.
The bat misses you. The bat misses you. The bat hits you but does no damage.
You hit the bat.
You kill the bat!
You start resting.
HP restored.
A sourceless malevolence fills the Dungeon...
You fall into a shaft and drop 1 floor!
The shaft crumbles and collapses.
Found a stone staircase leading down.
Existing waypoints: (2) D:1 Assign waypoint to what number? (0-9, D - delete waypoint) Waypoint 1 assigned to D:2.
Enter note: You now have 10 gold pieces (gained 8).
You now have 16 gold pieces (gained 6).
Found a stone staircase leading up.
158 ||| READING scroll labelled QYC PONUTOW.
The air fills with toxic fumes!
As you read the scroll labelled QYC PONUTOW, it crumbles to dust.
It was a scroll of poison.
159 ||| DROPPING scroll of blinking.
You drop a scroll of blinking.
(D) Dungeon
Where to? (* - list waypoints, ? - help)
What level of the Dungeon? (default 1, ? - help) Sorry, I don't know how to get there.
Partly explored, can't reach some places.
160 ||| Stepping randomly (stuck).
Really walk into that cloud of poison gas?
You are engulfed in poison gas.
You are lethally poisoned!
Ouch! That really hurt!
You feel very sick.
161 ||| Stepping ~*~*~tactically~*~*~ (cloud).
You die...

... ##¤¤###
########¤¤¤¤#¤.
.......¤¤¤¤¤¤¤##.
.......¤¤¤¤¤¤¤....#
..<....¤¤¤¤¤¤¤....#
.......¤¤¤¤¤¤¤....#
###@¤¤¤¤¤¤....#
#¤¤¤¤¤¤¤¤¤...#
#¤¤¤¤¤¤¤¤¤...#
#¤¤¤¤¤¤¤¤¤...#
#¤¤¤¤¤¤¤¤¤...#
###¤¤¤¤¤¤¤...#
#¤¤¤¤¤¤¤...#
#¤¤¤¤¤¤¤...#
#########+##


There were no monsters in sight!

Vanquished Creatures
  2 endoplasms (D:1)
  A bat (D:1)
  A frilled lizard (D:1)
  A kobold (D:1)
  A rat (D:1)
6 creatures vanquished.

Vanquished Creatures (others)
  A plant (D:1)
1 creature vanquished.

Grand Total: 7 creatures vanquished

Notes
Turn   | Place    | Note
-------+----------+-------------------------------------------
     0 | D:1      | qw the Tengu Warper began the quest for the Orb.
     0 | D:1      | Reached XP level 1. HP: 12/12 MP: 4/4
     0 | D:1      | 0 ||| qw: Version: 0.1-a-89-g26bdef1
     0 | D:1      | 0 ||| qw: Game counter: 1831
     0 | D:1      | 0 ||| qw: Always use a shield: true
     0 | D:1      | 0 ||| qw: God list: Okawaru
     0 | D:1      | 0 ||| qw: Allow faded altars: false
     0 | D:1      | 0 ||| qw: Do Orc after D:15 true
     0 | D:1      | 0 ||| qw: Do second Lair branch before Depths: true
     0 | D:1      | 0 ||| qw: Lair rune preference: random
     0 | D:1      | 0 ||| qw: Plans: Normal
     0 | D:1      | 0 ||| PLANNING D:1-11
   147 | D:1      | You fall into a shaft and drop 1 floor!
   158 | D:2      | 158 ||| READING scroll labelled QYC PONUTOW.
   159 | D:2      | 159 ||| DROPPING scroll of blinking.
   160 | D:2      | 160 ||| Stepping randomly (stuck).
   160 | D:2      | HP: 1/12 [poisoned by you (poison gas)]
   161 | D:2      | 161 ||| Stepping ~*~*~tactically~*~*~ (cloud).
   161 | D:2      | Succumbed to their own poison gas

Levels and vault maps discovered:
D:1:      nicolae_arrival_washed_ashore, layout_basic,
          hellmonk_ecumenical_altar_inner_sanctum, serial_forest,
          infiniplex_forest_split, infiniplex_forest_clump_large,
          infiniplex_forest_corner_1, infiniplex_forest_lined_ring,
          infiniplex_forest_clump_small, infiniplex_forest_clump_cross,
          infiniplex_forest_clump_diagonal, infiniplex_forest_clump_tiny,
          infiniplex_forest_lined_3_way, infiniplex_forest_lined_2
D:2:      cheibrodos_fertilizer, layout_basic, minmay_hedge_maze

Action                   || total
-------------------------++-------
Melee: Hand axe          ||    11
       Kick              ||     2
       Peck              ||     1
Throw: Boomerang         ||     7
  Use: Scroll            ||     1
Armor: Leather armour    ||     2
Dodge: Dodged            ||     6

Table legend:
 A = Non-vault XP
 B = Vault XP
 C = Vault XP percentage of total XP
 D = Non-vault monster count
 E = Vault monster count
 F = Vault count percentage of total count
                 A         B        C        D         E       F
            +---------+---------+-------+---------+---------+-------
      Total |       8 |       0 |   0.0 |       6 |       0 |   0.0
            +---------+---------+-------+---------+---------+-------
        D:1 |       8 |       0 |   0.0 |       6 |       0 |   0.0
            +---------+---------+-------+---------+---------+-------
